 Dungeon Crawl Stone Soup version 0.22-a0-185-ge330310d3a (webtiles) character file.

57 RedPan the Sneak (level 4, 0/40 HPs)
             Began as an Octopode Wizard on Feb 15, 2018.
             Succumbed to Sigmund's poison
             ... on level 2 of the Dungeon.
             The game lasted 00:07:34 (2101 turns).

RedPan the Sneak (Octopode Wizard)                  Turns: 2101, Time: 00:07:34

Health: 0/40       AC: 22    Str:  6    XL:     4   Next: 0%
Magic:  3/8        EV:  2    Int: 25    God:
Gold:   111        SH:  0    Dex: 11    Spells: 1/9 levels left

rFire    . . .     SeeInvis .   g - +2 dagger (venom)
rCold    . . .     Gourm    .   (no shield)
rNeg     + + +     Faith    .   (helmet currently unavailable)
rPois    +         Spirit   .   (no amulet)
rElec    .         Reflect  .   (no ring)
rCorr    .         Harm     .   (no ring)
MR       .....     NoTele   +   (no ring)
Stlth    ++........             (no ring)
HPRegen  0.13/turn              (no ring)
MPRegen  0.11/turn              (no ring)
                                (no ring)
                                (no ring)

@: brilliant, lethally poisoned (0 -> -9), tree-form, very slightly contaminated
A: almost no armour, stealthy swim, (amphibious), 8 rings, (constrict 8)
a: no special abilities


You were on level 2 of the Dungeon.
You were not hungry.
You were a tree.
You visited 1 branch of the dungeon, and saw 2 of its levels.

You collected 111 gold pieces.

Inventory:

Hand Weapons
 g - a +2 dagger of venom (weapon)
Armour
 a - a +0 hat (melded)
Scrolls
 d - 4 scrolls of identify {unknown}
 h - a scroll of enchant armour {unknown}
 j - a scroll of remove curse {unknown}
 l - a scroll of fear {unknown}
 m - a scroll of noise {unknown}
Potions
 i - a potion of curing {unknown}
 k - a potion of degeneration {unknown}
Books
 b - a book of Minor Magic

   Spells                             Type                      Level
   a - Magic Dart                     Conjuration                  1
   b - Blink                          Translocation                2
   c - Call Imp                       Summoning                    2
   d - Slow                           Hexes                        2
   e - Conjure Flame                  Conjuration/Fire             3
   f - Mephitic Cloud                 Conjuration/Poison/Air       3
Comestibles
 c - 3 rations


   Skills:
 + Level 2.6 Dodging
 + Level 3.8 Stealth
 - Level 3.0 Spellcasting
 * Level 2.6 Conjurations
 - Level 1.0 Summonings
 - Level 1.0 Translocations


You had one spell level left.
You knew the following spells:

 Your Spells              Type           Power        Failure   Level  Hunger
a - Magic Dart            Conj           ####         1%          1    None
b - Blink                 Tloc           N/A          1%          2    ##.....
c - Call Imp              Summ           ###.....     1%          2    ##.....
d - Mephitic Cloud        Conj/Pois/Air  ###.....     2%          3    ###....


Dungeon Overview and Level Annotations

Branches:
Dungeon (2/15)

Altars:

Annotations:
D:2 Sigmund


Innate Abilities, Weirdness & Mutations

You cannot wear most types of armour.
You are very stealthy in the water. (Stealth+)
((You are amphibious.))
You can wear up to eight rings at the same time.
((You can use your tentacles to constrict eight enemies at once.))
((Your skin changes colour to match your surroundings (Stealth+).))
((Your rubbery body absorbs attacks. (AC +1, EV +1)))


Message History

* * * LOW HITPOINT WARNING * * *
You feel sick.
* * * LOW HITPOINT WARNING * * *
You feel sick.
Your crimson imp blinks!
* * * LOW HITPOINT WARNING * * *
You feel sick.
You see here 2 stones.
You swap places.
* * * LOW HITPOINT WARNING * * *
You feel sick.
You see here 2 stones.
* * * LOW HITPOINT WARNING * * *
You feel sick.
Your crimson imp easily resists.
It was a potion of lignification.
You turn into a tree.
Your +0 hat melds into your body.
Your roots penetrate the ground.
It was a potion of brilliance.
You feel clever all of a sudden.
You die...

....#.(...##
.....##....######
..##.###........#
#..#.######...#.... ........#
###.### . .# #.....#.##
#...## .. .........######..#
#.# .......#.........## ..# .
........########♣5####.## ..
#.....#..# ##5......#....
.......#..#######(.#.........
.......#...............#.....
.).....#..........##..##.....
).....##.............###.....
...............).....##......
...#..............##†........
..................###........


You could see 2 friendly crimson imps.

Vanquished Creatures
  2 oozes (D:1)
  A dart slug (D:1)
  A leopard gecko (D:1)
  2 giant cockroaches (D:1)
  5 hobgoblins
  2 quokkas (D:2)
  10 bats (D:1)
  2 frilled lizards
  4 goblins
  6 kobolds
35 creatures vanquished.

Vanquished Creatures (collateral kills)
  An adder (D:2)
  A worm (D:2)
  A frilled lizard (D:2)
3 creatures vanquished.

Grand Total: 38 creatures vanquished

Notes
Turn   | Place    | Note
-------+----------+-------------------------------------------
     0 | D:1      | RedPan the Octopode Wizard began the quest for the Orb.
     0 | D:1      | Reached XP level 1. HP: 11/11 MP: 4/4
   290 | D:1      | Reached XP level 2. HP: 16/17 MP: 6/6
   838 | D:1      | Reached XP level 3. HP: 19/21 MP: 1/7
  1368 | D:1      | Learned a level 2 spell: Blink
  1371 | D:1      | Learned a level 2 spell: Call Imp
  1375 | D:1      | Learned a level 3 spell: Mephitic Cloud
  1989 | D:2      | Noticed Sigmund
  2025 | D:2      | Reached XP level 4. HP: 25/27 MP: 2/8
  2099 | D:2      | HP: 1/27 [poisoned by Sigmund]
  2101 | D:2      | Succumbed to Sigmund's poison

Vault maps used:
D:1:      dpeg_arrival_rooms_a, serial_bayou_ford_a
D:2:      uniq_jessica, uniq_sigmund

Skill      XL: |  1  2 |
---------------+-------+-----
Stealth        | 3 |  3.8
Conjurations   | 2 |  2.6
Dodging        | |  2.6
Spellcasting   | |  3.0
Summonings     | |  1.0
Translocations | |  1.0

Action                   |  1- 3 |  4- 6 || total
-------------------------+-------+-------++-------
Melee: Unarmed           |    11 |       ||    11
       Constrict         |     9 |       ||     9
       Tentacles         |     4 |       ||     4
       Dagger            |    29 |       ||    29
 Cast: Magic Dart        |    66 |     1 ||    67
       Call Imp          |     4 |     2 ||     6
  Use: Potion            |       |     2 ||     2
 Stab: Sleeping          |     2 |       ||     2
  Eat: Chunk             |     4 |       ||     4
Armor: Skin              |     4 |       ||     4
Dodge: Dodged            |    34 |       ||    34

Table legend:
 A = Spawn XP
 B = Non-spawn XP
 C = Spawn XP percentage of total XP
 D = Spawn monster count
 E = Non-spawn monster count
 F = Spawn count percentage of total count
 G = Total turns spent on level
                    A         B        C        D         E        F      G
               +---------+---------+-------+---------+---------+-------+---------
         Total |       0 |      82 |   0.0 |       0 |      38 |   0.0 |  2101
               +---------+---------+-------+---------+---------+-------+---------
           D:1 |       0 |      52 |   0.0 |       0 |      25 |   0.0 |  1280
           D:2 |       0 |      30 |   0.0 |       0 |      13 |   0.0 |   821
               +---------+---------+-------+---------+---------+-------+---------
